cohdb
Replays
Latest Replays
All Replays
Popular Replays
Top Player Replays
Match Explorer
How It Works
Community
CoH3 Stats
Reddit
Sign in to upload your games and track your stats! →
Sign in with Steam
Match 43797884
Unlisted
Match 43797884
Overview
Messages
Build Orders
End
Vickers Machine Gun Team
Construct Section Command Post
Selects Canadian Shock Battlegroup
Infantry Section
Infantry Section
Infantry Section
Selects Offensive Resupply
Selects Canadian Shock Section
Construct Platoon Command Post
CMP 15cwt Truck
Grenade Package
皇家炮兵桐藤渚
他真是一个低能
Soud
chazburrell
Dog
飞漩
Halokoo
São Leopoldo
0
0
Comments
sign in to comment!
No comments posted yet!